 Dungeon Crawl Stone Soup version 0.32-a0-485-g70f7560b1c (webtiles) character file.

Game seed: 10679999526906570111

114 CowFu the Ruffian (level 4, -4/35 HPs)
             Began as a Draconian Shapeshifter on Feb 26, 2024.
             Was a Follower of Okawaru.
             Killed from afar by an orc wizard (10 damage)
             ... with a magic dart
             ... on level 3 of the Dungeon.
             The game lasted 00:02:29 (1745 turns).

CowFu the Ruffian (Draconian Shapeshifter)          Turns: 1745, Time: 00:02:29

Health: -4/35      AC:  5    Str: 18    XL:     4   Next: 67%
Magic:  5/5        EV: 12    Int: 10    God:    Okawaru [*.....]
Gold:   79         SH:  0    Dex: 11    Spells: 3/3 levels left

rFire   . .          .
                       - Unarmed
rCold   . . .        (no shield)
rNeg    . . .        (body armour unavailable)
rPois   .            (helmet currently unavailable)
rElec   .            (cloak currently unavailable)
rCorr   .            (gloves currently unavailable)
SInv    .            (boots currently unavailable)
Will    .....        n - amulet of faith
Stlth   +            (no ring)
HPRegen 0.25/turn    (no ring)
MPRegen 0.09/turn

%: faith
@: beast-form
A: beast (slay +1), AC +5, unfitting armour, cold-blooded
a: Begin Untransformation, Renounce Religion, Heroism


You were on level 3 of the Dungeon.
You worshipped Okawaru.
Okawaru was aware of your devotion.
You were a hulking beast.
You visited 1 branch of the dungeon, and saw 3 of its levels.

You collected 79 gold pieces.

Inventory:

Jewellery
 n - an amulet of faith (around neck)
Talismans
 b - a beast talisman (active)
 c - a flux talisman
Wands
 o - a wand of mindburst (20)
Scrolls
 f - a scroll of silence {unknown}
 h - a scroll of identify {unknown}
 i - a scroll of fog {unknown}
 k - a scroll of enchant armour {unknown}
 l - a scroll of blinking {unknown}
 m - a scroll of revelation {unknown}
Potions
 a - a potion of lignification
 d - 2 potions of mutation {unknown}
 e - a potion of magic {unknown}
 g - 3 potions of brilliance {unknown}
 j - a potion of heal wounds {unknown}
 p - a potion of ambrosia {unknown}
 q - a potion of cancellation {unknown}


   Skills:
 - Level 1.1 Fighting
 - Level 1.7 Dodging
 + Level 5.2 Unarmed Combat
 + Level 1.4 Invocations
 - Level 3.0 Shapeshifting


You had 3 spell levels left.
You didn't know any spells.
Your spell library was empty.

Dungeon Overview and Level Annotations

Branches:
Dungeon (3/15)

Altars:
Okawaru
Ru
The Shining One


Innate Abilities, Weirdness & Mutations

You are a hulking beast.
Your limbs bulge with bestial killing power. (Slay +1)
Your plain brown scales are hard. (AC +5)
You cannot fit into any form of body armour.
You are cold-blooded and may be slowed by cold attacks.


Message History

You hit the orc wizard.
The orc wizard is severely wounded.
The orc wizard casts a spell.
The orc wizard flickers and vanishes!
Deactivating autopickup; reactivate with Ctrl-A.
You bump into the rock wall.
Something hits you but does no damage.
You bump into the rock wall.
You're too confused to move!
You feel less confused. Something hits you.
You hit the orc.
The orc is severely wounded.
The orc barely misses you. Something hits you.
You hit the orc.
The orc is almost dead.
The orc barely misses you.
You barely miss the orc.
The orc is almost dead.
Something hits you but does no damage. The orc closely misses you.
You barely miss the orc.
The orc is almost dead.
Something hits you but does no damage. The orc barely misses you.
You hit the orc.
You kill the orc!
Okawaru accepts your kill. Something hits you but does no damage.
Something hits you but does no damage.
Things that are here:
a +0 whip; a +0 ring mail; an orc corpse
Things that are here:
a +0 short sword; a +0 scale mail; an orc corpse A magic dart appears from out of thin air!
The magic dart hits you.
* * * LOW HITPOINT WARNING * * *
A magic dart appears from out of thin air!
The magic dart hits you.
* * * LOW HITPOINT WARNING * * *
A magic dart appears from out of thin air!
The magic dart hits you!
You die...

## .# ...... ##### .# .....
#...###.# ####...#
#.......# .......#
###h...)# .......#
#...#........#
.......#####.#.#.#.#.######
.......#.......#.#.#.#
..............##{#.#.#
######.#.#######.#.#.#
#.#.# #)#.#.#
#.#.#######)#.#.# #.#
#.#.........#.# #.#


There were no monsters in sight!

Vanquished Creatures
  3 adders (D:2)
  3 gnolls (D:3)
  A dart slug (D:1)
  3 orcs (D:3)
  6 endoplasms
  4 goblins
  5 hobgoblins
  3 jackals (D:1)
  3 kobolds
  5 quokkas
  6 ball pythons
  4 bats
  3 frilled lizards
  6 rats
55 creatures vanquished.

Notes
Turn   | Place    | Note
-------+----------+-------------------------------------------
     0 | D:1      | CowFu the Draconian Shapeshifter began the quest for the
                  | Orb.
     0 | D:1      | Reached XP level 1. HP: 16/16 MP: 1/1
   207 | D:1      | Reached XP level 2. HP: 18/23 MP: 2/2
   361 | D:1      | Reached skill level 4 in Unarmed Combat
   586 | D:1      | Reached XP level 3. HP: 27/28 MP: 3/3
   694 | D:1      | Found a faded altar of an unknown god.
   823 | D:1      | Prayed at the altar of an unknown god.
   823 | D:1      | Became a worshipper of Warmaster Okawaru
   823 | D:1      | Reached * piety under Okawaru
  1185 | D:2      | Reached XP level 4. HP: 35/35 MP: 4/4
  1205 | D:3      | Reached skill level 5 in Unarmed Combat
  1235 | D:3      | Reached skill level 1 in Invocations
  1435 | D:3      | Found a sacrificial altar of Ru.
  1479 | D:3      | Found a glowing golden altar of the Shining One.
  1745 | D:3      | Killed from afar by an orc wizard

Illustrated notes

Levels and vault maps discovered:
D:1:      elethiomel_arrival_infinity_welcomes_careful_drivers, layout_basic,
          dilly_ecumenical_altar_fadedgnrine, minmay_misc_feat_columns,
          minmay_misc_feat_square
D:2:      layout_rooms, kennysheep_generic_room_11
D:3:      layout_basic, nicolae_ru_the_path_less_chosen, lemuel_crystal_altar,
          serial_glass, glass_columns_c, glass_columns_a

Skill      XL: |  1  2  3  4 |
---------------+-------------+-----
Unarmed Combat | 4 5 |  5.2
Invocations    | 1 |  1.4
Fighting       | |  1.1
Dodging        | |  1.7
Shapeshifting  | |  3.0

Action                     |  1- 3 |  4- 6 || total
---------------------------+-------+-------++-------
  Melee: Unarmed           |   113 |    51 ||   164
         Tailslap          |     6 |     4 ||    10
         Punch             |     1 |     1 ||     2
   Stab: Sleeping          |       |     1 ||     1
 Armour: Skin              |    54 |    42 ||    96
  Dodge: Dodged            |    69 |    36 ||   105

Table legend: (Time is in decaauts)
 A = Elapsed time spent in this place.
 B = Non-inter-level travel time spent in this place.
 C = Inter-level travel time spent in this place.
 D = Time resting spent in this place.
 E = Time spent auto-exploring this place.
 F = Levels seen in this place.
 G = Mean time per level.
                   A        B        C        D        E       F      G
               +--------+--------+--------+--------+--------+-----+--------+
         Total |   1733 |   1661 |     72 |      0 |   1300 |   3 |  577.7 |
       Dungeon |   1733 |   1661 |     72 |      0 |   1300 |   3 |  577.7 |
               +--------+--------+--------+--------+--------+-----+--------+

Top non-repeatable levels by time:
     D:1: 851 daAuts
     D:3: 545 daAuts
     D:2: 336 daAuts
